Map: Altitude LE

Players

DonkeyBreath

  • Race: Zerg Zerg
  • League: Platinum
  • Spawn Location: 1:00

Revan - Winner!

  • Race: Terran Terran
  • League: Platinum
  • Spawn Location: 7:00

VOD

Have the link to the VOD?

Description

Time

  • Played on: June 26, 2023, 11:49 p.m.
  • Length: 9:55
Show
View Real Time Build Order
Export as new Build Order

DonkeyBreath Zerg 

Build Orders: Hatch First 

Get SALT Encoding   

  12  0:00  Drone  
  13  0:12  Overlord  
  13  0:19  Drone  
  14  0:32  Drone x2  
  16  0:51  Hatchery  
  16  0:52  Drone  
  16  0:57  Drone  
  16  1:00  Drone  
  18  1:07  Drone  
  18  1:08  Extractor  
  18  1:19  Spawning Pool  
  18  1:23  Drone  
  18  1:29  Drone  
  19  1:41  Drone  
  20  1:52  Drone  
  21  2:06  Queen x2  
  25  2:13  Hatchery  
  24  2:19  Metabolic Boost  
  23  2:36  Zergling x4  
  24  2:37  Overlord  
  24  2:39  Drone x2  
  25  2:48  Drone x2  
  26  2:53  Drone  
  27  3:03  Queen  
  27  3:04  Drone x2  
  31  3:18  Zergling x2  
  31  3:19  Zergling x2  
  31  3:22  Zergling x4  
  29  3:29  Zergling x6  
  27  3:41  Queen  
  20  3:58  Zergling x6  
  20  4:08  Zergling x4  
  16  4:32  Drone x2  
  17  4:47  Drone x2  
  19  4:59  Drone  
  20  5:16  Drone  
  20  5:17  Drone x2  
  23  5:26  Drone x2  
  25  5:35  Drone  
  25  5:37  Drone  
  25  5:41  Drone  
  27  5:51  Drone x2  
  27  5:52  Drone  
  31  6:04  Drone x3  
  31  6:11  Drone x3  
  36  6:21  Drone x4  
  36  6:25  Drone  
  41  6:28  Overlord  
  41  6:31  Overlord  
  40  6:40  Zergling x4  
  40  6:46  Queen  
  44  6:52  Roach Warren  
  43  6:54  Spine Crawler x2  
  41  7:06  Spine Crawler  
  41  7:07  Spine Crawler  
  39  7:10  Spine Crawler  
  39  7:11  Drone x2  
  38  7:21  Drone x4, Extractor  
  38  7:22  Extractor  
  40  7:38  Queen  
  40  7:40  Drone x6  
  40  7:42  Extractor  
  46  8:01  Roach  
  46  8:02  Roach  
  50  8:11  Roach  
  49  8:13  Zergling x16  
  49  8:15  Overlord  
  55  8:38  Baneling Nest  
  54  8:46  Drone x2  
  56  9:00  Roach  
  56  9:01  Overlord x6  
  58  9:09  Drone  
  59  9:28  Drone x2  
  59  9:29  Drone x3  
Show
View Real Time Build Order
Export as new Build Order

Revan Terran - Winner!

Build Orders:  

Get SALT Encoding   

  12  0:00  SCV  
  13  0:13  SCV  
  14  0:17  Supply Depot  
  14  0:25  SCV  
  15  0:39  SCV  
  15  0:40  Barracks  
  16  0:45  Refinery  
  16  0:51  SCV  
  17  1:01  Barracks  
  17  1:06  SCV  
  18  1:12  Refinery  
  19  1:18  SCV  
  19  1:27  Reaper  
  19  1:30  Supply Depot  
  20  1:35  SCV  
  21  1:48  Reaper  
  21  1:52  Orbital Command  
  22  1:59  Reaper  
  23  2:20  Reaper  
  23  2:22  SCV  
  25  2:41  Reaper  
  25  2:42  Command Center  
  25  2:43  SCV  
  27  2:52  Reaper  
  27  2:55  SCV  
  29  3:07  SCV  
  30  3:13  Reaper  
  31  3:23  Supply Depot x2  
  31  3:41  Factory  
  31  3:44  SCV, Reaper  
  31  3:45  Reaper  
  32  3:56  SCV  
  32  4:09  SCV  
  32  4:13  Supply Depot  
  32  4:14  SCV, Supply Depot  
  32  4:16  Reaper  
  34  4:17  Reaper  
  34  4:21  SCV  
  35  4:27  Orbital Command  
  35  4:32  Factory Reactor  
  35  4:36  Starport  
  32  4:48  SCV  
  32  4:49  Reaper  
  34  4:56  Barracks Tech Lab  
  34  5:02  SCV x2  
  36  5:12  Command Center  
  36  5:19  SCV x2  
  38  5:22  Medivac x2  
  38  5:23  Factory Tech Lab  
  38  5:25  Barracks x2  
  38  5:26  Marine x2, Stimpack  
  44  5:44  SCV x2  
  44  5:46  Refinery  
  44  5:48  Engineering Bay  
  44  5:49  Siege Tank, Engineering Bay  
  49  5:56  SCV  
  50  5:57  Supply Depot  
  50  5:59  Barracks Reactor  
  50  6:00  Marine  
  50  6:02  SCV  
  52  6:08  Medivac  
  52  6:09  Refinery  
  54  6:12  Medivac  
  54  6:15  SCV x2  
  58  6:23  Barracks Reactor  
  58  6:25  Barracks Reactor  
  58  6:27  SCV x2  
  60  6:39  SCV x2  
  62  6:48  Command Center  
  62  6:51  SCV x2  
  62  6:54  Marine x3  
  64  6:56  Terran Infantry Weapons Level 1  
  64  6:57  Terran Infantry Armor Level 1  
  67  7:03  SCV x2  
  67  7:04  Supply Depot, Marine x2  
  67  7:05  Supply Depot  
  71  7:12  Marine  
  73  7:15  SCV  
  73  7:21  Marine x4  
  73  7:22  SCV, Marine  
  80  7:23  Orbital Command  
  80  7:26  Siege Tank  
  80  7:27  SCV  
  80  7:29  Refinery  
  82  7:34  SCV, Refinery  
  83  7:40  SCV  
  83  7:41  Marine x6  
  83  7:42  Marine  
  91  7:46  SCV  
  91  7:50  Sensor Tower  
  92  7:51  SCV  
  92  7:52  Barracks  
  92  7:56  SCV, Barracks  
  94  8:02  SCV  
  95  8:13  SCV  
  95  8:15  Armory  
  95  8:16  Marine x3  
  95  8:17  Siege Tank, Medivac x2  
  95  8:18  SCV  
  105  8:29  SCV x2  
  105  8:30  SCV  
  108  8:41  SCV x2  
  109  8:42  SCV  
  109  8:45  Supply Depot, Command Center  
  109  8:47  Supply Depot  
  111  8:50  Supply Depot  
  111  8:53  SCV  
  112  9:03  SCV x2  
  112  9:07  SCV  
  115  9:10  Planetary Fortress  
  115  9:15  Supply Depot  
  115  9:17  Supply Depot  
  115  9:19  Missile Turret x2  
  115  9:20  Supply Depot, Refinery  
  115  9:22  Missile Turret  
  115  9:23  SCV, Missile Turret, Refinery  
  115  9:24  Missile Turret  
  115  9:25  Marine x5  
  115  9:26  Marine x2  
  115  9:28  Barracks Reactor x2  
  115  9:30  Missile Turret  
  122  9:33  SCV x2  
Tags
 
Add a new tag
Caveats
  • Supply blocks, unpowered buildings, or Contaminate may cause inaccurate times.
  • Supply counts are checked every 10 seconds.